Map: Kairos Junction LE

Players

Skeptic

  • Race: Protoss Protoss
  • League: Master
  • Spawn Location: 5:00

Mez - Winner!

  • Race: Terran Terran
  • League: Master
  • Spawn Location: 11:00

VOD

Have the link to the VOD?

Description

Time

  • Played on: Aug. 7, 2019, 3:15 p.m.
  • Length: 9:52
Show
View Real Time Build Order
Export as new Build Order

Skeptic Protoss 

Build Orders: 1 Gate Expand 

Get SALT Encoding   

  12  0:01  Probe  
  13  0:13  Probe  
  14  0:18  Pylon  
  14  0:25  Probe  
  15  0:37  Probe  
  15  0:39  Gateway  
  16  0:45  Probe  
  17  0:53  Probe  
  18  1:15  Nexus  
  18  1:22  Pylon  
  18  1:27  Zealot  
  20  1:40  Gateway  
  20  1:49  Zealot  
  21  2:13  Zealot  
  21  2:18  Zealot  
  25  2:39  Pylon  
  25  2:40  Zealot  
  25  2:44  Zealot  
  30  3:05  Probe  
  30  3:07  Zealot  
  30  3:11  Zealot  
  30  3:17  Probe  
  31  3:27  Probe  
  32  3:35  Probe  
  33  3:44  Probe  
  30  3:56  Probe  
  30  4:00  Assimilator  
  30  4:04  Assimilator  
  30  4:08  Probe  
  28  4:19  Probe  
  27  4:28  Probe  
  27  4:29  Cybernetics Core  
  27  4:37  Probe  
  27  4:51  Probe  
  23  5:01  Warp Gate  
  23  5:03  Probe, Pylon  
  17  5:15  Probe  
  18  5:27  Probe  
  19  5:34  Gateway  
  19  5:39  Probe  
  20  5:49  Gateway  
  20  5:51  Probe  
  21  6:12  Probe  
  22  6:20  Zealot  
  22  6:32  Gateway  
  16  6:38  Probe  
  7  6:50  Probe  
  8  6:55  Sentry  
  5  7:19  Sentry  
Show
View Real Time Build Order
Export as new Build Order

Mez Terran - Winner!

Build Orders:  

Get SALT Encoding   

  12  0:00  SCV  
  13  0:13  SCV  
  14  0:17  Supply Depot  
  14  0:25  SCV  
  15  0:39  SCV  
  15  0:41  Barracks  
  16  0:45  Refinery  
  16  0:51  SCV  
  17  1:03  SCV  
  18  1:15  SCV  
  19  1:29  Supply Depot  
  19  1:31  Marine  
  20  1:34  Orbital Command  
  20  1:37  Bunker  
  20  2:00  Marine  
  21  2:05  Factory  
  21  2:10  SCV  
  21  2:13  Refinery  
  22  2:17  Marine  
  23  2:26  SCV  
  24  2:37  Barracks Reactor  
  24  2:50  Factory Tech Lab  
  24  2:52  SCV, Command Center  
  22  3:10  Cyclone  
  14  3:19  Marine x2  
  15  3:22  SCV  
  15  3:39  Marine  
  15  3:40  Marine  
  17  3:55  Orbital Command  
  17  3:57  Marine  
  14  4:35  SCV  
  14  4:37  Hellion  
  17  4:48  SCV  
  18  4:55  Marine x2  
  20  5:00  SCV  
  21  5:12  SCV  
  22  5:15  Hellion  
  24  5:23  Marine x2  
  24  5:24  SCV  
  27  5:35  Supply Depot  
  27  5:36  SCV  
  28  5:45  Engineering Bay  
  28  5:48  SCV  
  29  5:56  Hellion  
  31  6:00  SCV  
  32  6:08  Marine x2  
  34  6:12  SCV  
  35  6:24  SCV  
  36  6:39  SCV  
  37  6:41  Hellion  
  37  6:44  Missile Turret  
  39  6:55  SCV  
  39  7:10  Supply Depot  
  39  7:11  Supply Depot  
  39  7:12  Marine x2  
  41  7:21  Factory Tech Lab  
  41  7:25  Refinery  
  38  7:39  SCV  
  38  7:44  Refinery  
  38  7:51  SCV  
  38  7:55  Marine  
  38  7:56  Marine  
  40  8:00  Hellion  
  40  8:03  SCV  
  42  8:15  SCV  
  43  8:27  SCV  
  43  8:39  SCV  
  42  8:47  Cyclone, Marine x2  
  47  8:56  SCV  
  48  9:07  Marine x2  
  48  9:09  SCV  
Tags
 
Add a new tag
Caveats
  • Supply blocks, unpowered buildings, or Contaminate may cause inaccurate times.
  • Supply counts are checked every 10 seconds.